 Dungeon Crawl Stone Soup version 0.14-a0-1817-gb992dfe (webtiles) character file.

28 ReteAZ the Firebug (level 2, -4/17 HPs)
             Began as a Demonspawn Fire Elementalist on Jan 9, 2014.
             Slain by a giant gecko (5 damage)
             ... on Level 1 of the Dungeon.
             The game lasted 00:03:59 (658 turns).

ReteAZ the Firebug (Demonspawn Fire Elementalist)    Turns: 658, Time: 00:03:59

HP  -4/17        AC  3     Str  8      XL: 2   Next: 24%
MP   0/4         EV 12     Int 16      God:
Gold 15          SH  0     Dex 13      Spells:  1 memorised,  4 levels left

rFire  . . .     SeeInvis .     h - +0 whip
rCold  . . .     Clarity  .     a - +0 robe
rNeg   . . .     Conserve .     (no shield)
rPois  .         rCorr    .     n - +1 cap
rElec  .         rRot     .     (no cloak)
SustAb . .       Spirit   +     (no gloves)
rMut   .         Warding  .     (no boots)
Saprov . . .     Stasis   .     (no amulet)
                                (no ring)
                                (no ring)

@: not resistant to hostile enchantments, fairly stealthy
A: fast metabolism 1, frail 1, evolution 1, magic shield
a: no special abilities


You were on level 1 of the Dungeon.
You were not hungry.

You visited 1 branch of the dungeon, and saw 1 of its levels.

You collected 15 gold pieces.

Inventory:

Hand weapons
 h - a +0,+0 whip (weapon)
Armour
 a - a +0 robe (worn)
 n - a +1 cap (worn)
Comestibles
 c - a bread ration
 d - 3 chunks of hobgoblin flesh
 i - a rotting chunk of hobgoblin flesh
Scrolls
 e - a scroll of identify {unknown}
Books
 b - a book of Flames

   Spells                             Type                      Level
   *Flame Tongue                      Conjuration/Fire             1
   Throw Flame                        Conjuration/Fire             2
   Conjure Flame                      Conjuration/Fire             3
   Inner Flame                        Hexes/Fire                   3
   Sticky Flame                       Conjuration/Fire             4
   Fireball                           Conjuration/Fire             5


   Skills:
 - Level 1.7 Dodging
 - Level 1.7 Stealth
 - Level 2.0 Spellcasting
 - Level 1.0 Conjurations
 + Level 3.3 Fire Magic


You had 4 spell levels left.
You knew the following spells:

 Your Spells              Type           Power        Failure   Level  Hunger
a - Flame Tongue          Conj/Fire      #....        10%         1    #......


Dungeon Overview and Level Annotations

Branches:
Dungeon (1/16)

Altars:


Innate Abilities, Weirdness & Mutations

When hurt, damage is shared between your health and your magic reserves.
You have a fast metabolism.
You are frail (-10% HP).
You evolve.


Message History

The giant gecko barely misses you. The giant gecko bites you.
* * * LOW HITPOINT WARNING * * *
The giant gecko closely misses you. The giant gecko closely misses you.
The giant gecko barely misses you. The giant gecko barely misses you.
The giant gecko bites you.
* * * LOW HITPOINT WARNING * * *
The giant gecko completely misses you. The giant gecko closely misses you.
Your magical contamination has completely faded away.
The giant gecko bites you but does no damage.
The giant gecko misses you. The giant gecko closely misses you.
The giant gecko bites you.
* * * LOW HITPOINT WARNING * * *
The giant gecko bites you.
* * * LOW HITPOINT WARNING * * *
The giant gecko bites you.
You die...

..##.#######
##...........## ........#
###.........## ..#.###.#
#.##.......## ...## #.#
#.###.....+# ..## #.# #.#
##...## #.### #.# #.#
#+#.## #...# #.# #.# #.#.#
#.#.# #.# #l# #...####
#.#.# #.# #@###).....
#.#.###.########.##.....##
...............#.#.......#
##..##########.#.........#
#..# #.###.......#
#..###### #.# ##.....###.#
#.......# #.# ##........#
#..####.# #.# ##.#####...
#..# #.# #.#


You could see a giant gecko.

Vanquished Creatures
  A goblin (D:1)
  4 hobgoblins (D:1)
  4 kobolds (D:1)
  2 bats (D:1)
  A rat (D:1)
12 creatures vanquished.

Notes
Turn   | Place    | Note
--------------------------------------------------------------
     0 | D:1      | ReteAZ, the Demonspawn Fire Elementalist, began the quest for the Orb.
     0 | D:1      | Reached XP level 1. HP: 13/13 MP: 3/3
   310 | D:1      | Reached skill level 3 in Fire Magic
   375 | D:1      | Gained mutation: When hurt, damage is shared between your health and your magic reserves. [demonic ancestry]
   375 | D:1      | Reached XP level 2. HP: 19/19 MP: 1/4
   458 | D:1      | Gained mutation: You are frail (-10% HP). [potion of mutation]
   458 | D:1      | Gained mutation: You have a fast metabolism. [potion of mutation]
   458 | D:1      | Gained mutation: You evolve. [potion of mutation]
   658 | D:1      | Slain by a giant gecko

Action                   || total
-------------------------++-------
Melee: Whip              ||    25
 Cast: Flame Tongue      ||    12
  Use: Potion            ||     6
       Scroll            ||     4
